 Dungeon Crawl Stone Soup version 0.30-a0-639-g3916f1956a (webtiles) character file.

Game seed: 6830476615085032489

434 ryw the Shooter (level 7, -5/43 HPs)
             Began as a Gargoyle Fighter on Jan 17, 2023.
             Slain by an ogre
             ... wielding a +0 giant spiked club
              (31 damage)
             ... on level 5 of the Dungeon.
             The game lasted 00:04:13 (2356 turns).

ryw the Shooter (Gargoyle Fighter)                  Turns: 2356, Time: 00:04:13

Health: -5/43      AC: 14    Str: 22    XL:     7   Next: 0%
Magic:  2/2        EV: 10    Int:  8    God:
Gold:   164        SH:  4    Dex:  9    Spells: 6/6 levels left

rFire   + . .      SeeInvis .    b - +9 sling "Giuhuc" {antimagic, rF+ rN+}
rCold   . . .      Faith    .    c - +0 buckler
rNeg    + + .      Spirit   .    n - +0 scale mail
rPois   ∞          Reflect  .    (no helmet)
rElec   +          Harm     .    e - +0 cloak
rCorr   .          Rampage  .    (no gloves)
Will    .....                    f - +0 pair of boots Stlth
                                 (no amulet)
HPRegen 0.27/turn                (no ring)
MPRegen 0.08/turn                (no ring)

@: no status effects
A: sickness immunity, AC +4, negative energy resistance 1, electricity
resistance, torment resistance 1, petrification resistance
a: no special abilities


You were on level 5 of the Dungeon.
You visited 1 branch of the dungeon, and saw 5 of its levels.

You collected 164 gold pieces.

Inventory:

Hand Weapons
 a - a +0 war axe
 b - the +9 sling "Giuhuc" (weapon) {antimagic, rF+ rN+}
   (You found it on level 3 of the Dungeon)

   rF:        It protects you from fire.
   rN:        It protects you from negative energy.
 r - a +0 war axe
Missiles
 j - 7 poisoned darts
Armour
 c - a +0 buckler (worn)
 e - a +0 cloak (worn)
 f - a +0 pair of boots (worn)
 n - a +0 scale mail (worn)
 o - a +0 pair of gloves
Jewellery
 i - the ring of Pakhiz {Fly rElec AC+4 Str-2 Int+8}
   (You found it on level 2 of the Dungeon)

   [ring of protection]

   AC:        It affects your AC (+4).
   Str:       It affects your strength (-2).
   Int:       It affects your intelligence (+8).
   rElec:     It insulates you from electricity.
   Fly:       It grants you flight.
Wands
 s - a wand of iceblast (7)
Scrolls
 m - 2 scrolls of blinking
 p - a scroll of amnesia {unknown}
 q - a scroll of noise {unknown}
Potions
 d - a potion of might
 g - a potion of brilliance
 h - a potion of attraction {unknown}
 k - 2 potions of curing
 l - 2 potions of heal wounds
 t - a potion of ambrosia {unknown}


   Skills:
 - Level 4.0 Fighting
 - Level 2.4 Axes
 * Level 4.8 Ranged Weapons
 - Level 4.0 Armour
 - Level 2.0 Dodging
 - Level 4.0 Shields


You had 6 spell levels left.
You didn't know any spells.
Your spell library contained the following spells:

 Spells                   Type           Power      Damage    Failure   Level
 Petrify                  Tmut/Erth      0%         N/A       100%        4
 Irradiate                Conj/Tmut      0%         3d11      100%        5
 Sublimation of Blood     Necr           Unusable   N/A       N/A         2

Dungeon Overview and Level Annotations

Branches:
Dungeon (5/15)
 Temple: D:4-7

Altars:
Sif Muna

Shops:
D:1 [


Innate Abilities, Weirdness & Mutations

You are immune to sickness and miasma.
Your stone body is resilient. (AC +4)
You are immune to poison.
You resist negative energy. (rN+)
You are resistant to electric shocks. (rElec)
You are resistant to unholy torment.
You are immune to petrification.


Message History

You shoot a sling bullet. The sling bullet hits the dart slug.
The dart slug is heavily wounded.
The dart slug launches a dart at you.
The slug dart hits you but does no damage.
You shoot a sling bullet. The sling bullet hits the dart slug!
You kill the dart slug!
You have reached level 7!
A dart slug comes into view.
The dart slug launches a dart at you. The slug dart misses you.
A dart slug is nearby!
You shoot a sling bullet. The sling bullet hits the dart slug.
The dart slug is heavily wounded.
You hear a shout!
An ogre comes into view. It is wielding a +0 giant spiked club.
You shoot a sling bullet. The sling bullet hits the dart slug!
You kill the dart slug!
You shoot a sling bullet.
The sling bullet hits the ogre but does no damage.
You shoot a sling bullet.
The sling bullet barely misses the ogre.
You shoot a sling bullet.
The sling bullet barely misses the ogre.
The ogre closely misses you.
You shoot a sling bullet.
The sling bullet barely misses the ogre.
You shoot a sling bullet. The sling bullet hits the ogre!
The ogre is moderately wounded.
The ogre barely misses you.
You shoot a sling bullet. The sling bullet hits the ogre.
The ogre is heavily wounded.
The ogre hits you with a +0 giant spiked club!
You shoot a sling bullet. The sling bullet hits the ogre.
The ogre is heavily wounded.
The ogre hits you with a +0 giant spiked club!
You shoot a sling bullet. The sling bullet hits the ogre.
The ogre is severely wounded.
The ogre hits you with a +0 giant spiked club!!
Ouch! That really hurt!
You die...

...... #.~≈
...... # #~~~≈
......##.#~≈≈#≈
..........≈≈≈≈(
........#†~≈≈~≈
.......?~~~~≈≈#
.......O~≈≈~≈≈≈
#.@.≈≈~~~~
#..~~≈≈~~~
##.~≈≈#~≈~
#.#≈≈#≈≈#
###...≈≈≈≈~
######....##≈≈≈~
#..........#≈≈≈≈
#...........#.~≈
#............##~


You could see an ogre.

Vanquished Creatures
  A black bear (D:4)
  2 scorpions (D:4)
  2 hounds
  An orc priest (D:3)
  An orc wizard (D:4)
  4 adders
  8 dart slugs
  A worm (D:2)
  3 orcs (D:3)
  4 endoplasms
  2 giant cockroaches
  9 goblins
  4 hobgoblins
  5 kobolds
  2 quokkas
  7 ball pythons
  2 bats
  5 rats
63 creatures vanquished.

Notes
Turn   | Place    | Note
-------+----------+-------------------------------------------
     0 | D:1      | ryw the Gargoyle Fighter began the quest for the Orb.
     0 | D:1      | Reached XP level 1. HP: 14/14 MP: 1/1
   179 | D:1      | Reached XP level 2. HP: 19/19 MP: 2/2
   344 | D:1      | Found Ynexam's Armour Emporium.
   753 | D:2      | Identified the ring of Pakhiz {Fly rElec AC+4 Str-2 Int+8}
   831 | D:2      | Reached XP level 3. HP: 22/23 MP: 3/3
  1116 | D:2      | Reached skill level 1 in Dodging
  1361 | D:3      | Reached XP level 4. HP: 29/29 MP: 4/4
  1453 | D:3      | Identified the +9 sling "Giuhuc" {antimagic, rF+ rN+}
  1694 | D:3      | Reached XP level 5. HP: 20/33 MP: 1/5
  1810 | D:4      | Reached skill level 1 in Ranged Weapons
  1972 | D:4      | Noticed a black bear
  1975 | D:4      | Killed a black bear
  2026 | D:4      | Reached XP level 6. HP: 27/38 MP: 2/6
  2168 | D:4      | Found a shimmering blue altar of Sif Muna.
  2292 | D:5      | Entered Level 5 of the Dungeon
  2337 | D:5      | Reached XP level 7. HP: 41/43 MP: 2/7
  2356 | D:5      | Slain by an ogre

Illustrated notes

Levels and vault maps discovered:
D:1:      minmay_arrival_loop, layout_loops_ring, serial_shops, shop
D:2:      layout_basic
D:3:      layout_rooms
D:4:      layout_rooms, tgw_sif
D:5:      kennysheep_slugbush, layout_basic, mainiacjoe_overflow_catch_the_wave,
          serial_shops, shop, shop, kennysheep_little_box,
          nicolae_shop_overgrown_old_shop, serial_bayou_pond_e

Skill      XL: |  1  2  3  4  5  6 |
---------------+-------------------+-----
Axes           | 2 |  2.4
Dodging        | 1 2 |  2.0
Armour         | 4 |  4.0
Ranged Weapons | 3 4 |  4.8
Fighting       | 4 |  4.0
Shields        | 4 |  4.0

Action                   |  1- 3 |  4- 6 |  7- 9 || total
-------------------------+-------+-------+-------++-------
Melee: War axe           |   103 |    10 |       ||   113
 Fire: Sling             |       |    92 |    10 ||   102
  Use: Scroll            |     4 |     4 |       ||     8
Armor: Scale mail        |    73 |    27 |       ||   100
Dodge: Dodged            |    50 |    26 |     3 ||    79
Block: Buckler           |    33 |     6 |       ||    39

Table legend: (Time is in decaauts)
 A = Elapsed time spent in this place.
 B = Non-inter-level travel time spent in this place.
 C = Inter-level travel time spent in this place.
 D = Time resting spent in this place.
 E = Time spent auto-exploring this place.
 F = Levels seen in this place.
 G = Mean time per level.
                   A        B        C        D        E       F      G
               +--------+--------+--------+--------+--------+-----+--------+
         Total |   2450 |   2377 |     73 |      0 |   1836 |   5 |  490.0 |
       Dungeon |   2450 |   2377 |     73 |      0 |   1836 |   5 |  490.0 |
               +--------+--------+--------+--------+--------+-----+--------+

Top non-repeatable levels by time:
     D:1: 730 daAuts
     D:2: 626 daAuts
     D:3: 515 daAuts
     D:4: 507 daAuts
     D:5: 71 daAuts
